Map: Inside and Out

Players

Zain

  • Race: Protoss Protoss
  • Spawn Location: 7:00

Epic - Winner!

  • Race: Terran Terran
  • Spawn Location: 1:00

Event: DreamHack SC2 Masters 2022 Atlanta (Offline)

VOD

Have the link to the VOD?

Description

Time

  • Played on: Nov. 18, 2022, 2:07 p.m.
  • Length: 8:43

All games in this series

Show
View Real Time Build Order
Export as new Build Order

Zain Protoss 

Build Orders: 1 Gate Expand, Blink Stalkers 

Get SALT Encoding   

  12  0:00  Probe  
  13  0:12  Probe  
  14  0:18  Pylon  
  14  0:24  Probe (Chrono Boost)  
  15  0:36  Gateway, Probe (Chrono Boost)  
  16  0:44  Probe (Chrono Boost)  
  16  0:47  Assimilator  
  17  0:51  Probe  
  18  1:03  Probe  
  19  1:15  Probe  
  20  1:25  Cybernetics Core  
  20  1:36  Nexus  
  20  1:41  Pylon  
  20  1:45  Probe  
  21  1:48  Assimilator  
  21  1:57  Probe  
  21  2:00  Adept (Chrono Boost)  
  22  2:02  Warp Gate  
  24  2:09  Probe  
  25  2:17  Shield Battery  
  25  2:21  Probe, Stalker (Chrono Boost)  
  28  2:31  Shield Battery  
  28  2:34  Probe  
  29  2:44  Twilight Council  
  29  2:50  Probe (Chrono Boost)  
  31  2:53  Probe (Chrono Boost)  
  31  2:58  Probe (Chrono Boost)  
  32  3:01  Probe (Chrono Boost)  
  32  3:04  Probe, Stalker  
  35  3:12  Probe  
  37  3:15  Blink (Chrono Boost)  
  37  3:16  Probe  
  37  3:19  Robotics Facility  
  38  3:25  Probe  
  39  3:28  Probe  
  40  3:37  Probe  
  40  3:40  Gateway, Probe  
  42  3:48  Gateway  
  42  3:50  Stalker  
  42  3:51  Probe  
  46  4:00  Pylon  
  46  4:01  Assimilator  
  46  4:06  Observer  
  46  4:14  Nexus  
  46  4:18  Probe, Pylon  
  46  4:19  Probe  
  46  4:24  Pylon  
  42  4:37  Probe  
  39  4:40  Probe  
  40  4:49  Probe  
  40  4:51  Stalker x3  
  47  4:53  Probe  
  48  5:01  Probe  
  48  5:05  Probe  
  50  5:11  Forge  
  50  5:12  Charge, Observer  
  50  5:14  Probe  
  51  5:17  Probe  
  51  5:20  Observer  
  52  5:26  Observer, Probe  
  52  5:27  Probe  
  52  5:28  Gateway  
  55  5:29  Probe  
  55  5:31  Gateway  
  56  5:38  Probe  
  56  5:39  Probe  
  56  5:40  Protoss Ground Weapons Level 1 (Chrono Boost)  
  58  5:44  Probe  
  59  5:50  Probe  
  59  5:51  Probe  
  59  5:54  Observer  
  59  5:56  Immortal  
  65  5:59  Pylon  
  65  6:01  Observer  
  65  6:02  Gateway  
  65  6:03  Observer, Gateway  
  65  6:05  Gateway  
  65  6:08  Probe x2  
  65  6:10  Probe  
  68  6:13  Assimilator  
  68  6:18  Stalker  
  68  6:23  Probe x2  
  72  6:31  Zealot, Sentry x3  
  72  6:32  Probe  
  81  6:34  Shield Battery  
  81  6:35  Probe  
  81  6:36  Probe  
  83  6:44  Immortal (Chrono Boost)  
  79  6:52  Zealot x2  
  86  6:54  Pylon  
  86  6:55  Pylon  
  86  6:58  Zealot x3, Pylon  
  86  7:01  Probe  
  93  7:12  Probe x2  
  93  7:14  Zealot x4, Pylon  
  103  7:17  Pylon  
  103  7:27  Zealot x3  
  93  7:38  Zealot x4  
  93  7:46  Pylon  
  93  7:50  Zealot x3  
  64  7:58  Zealot x4  
  64  8:00  Immortal (Chrono Boost)  
  70  8:10  Zealot x3  
  68  8:22  Zealot x4, Gateway  
  68  8:26  Pylon  
  76  8:35  Zealot x3  
Show
View Real Time Build Order
Export as new Build Order

Epic Terran - Winner!

Build Orders:  

Get SALT Encoding   

  12  0:00  SCV  
  13  0:12  SCV  
  14  0:16  Supply Depot  
  14  0:24  SCV  
  15  0:38  SCV  
  15  0:39  Barracks  
  15  0:42  Refinery  
  16  0:50  SCV  
  16  0:52  Refinery  
  17  1:02  SCV  
  18  1:14  SCV  
  19  1:27  Reaper, Orbital Command  
  19  1:28  Supply Depot  
  20  1:41  Factory  
  20  1:53  SCV  
  21  2:00  Reaper  
  22  2:06  SCV  
  23  2:19  Command Center  
  23  2:20  SCV  
  24  2:26  Hellion  
  26  2:32  Barracks Reactor, SCV  
  27  2:41  Starport  
  27  2:44  SCV  
  27  2:47  Supply Depot  
  27  2:51  Widow Mine  
  30  2:57  SCV  
  31  3:10  SCV, Marine x2  
  31  3:12  Widow Mine  
  36  3:18  Medivac  
  38  3:22  SCV  
  39  3:30  Orbital Command  
  39  3:33  Widow Mine, Marine x2  
  43  3:34  SCV  
  43  3:40  Supply Depot  
  44  3:46  SCV  
  44  3:48  Barracks, Starport Tech Lab  
  45  3:54  Factory Tech Lab  
  45  3:56  SCV  
  45  3:58  SCV  
  45  3:59  Marine x2  
  49  4:06  Raven  
  49  4:08  SCV  
  52  4:10  SCV  
  52  4:12  Supply Depot  
  53  4:19  Barracks  
  53  4:20  SCV  
  53  4:22  SCV  
  52  4:32  Marine x2  
  55  4:38  Siege Tank  
  55  4:39  SCV x2  
  55  4:42  Engineering Bay, Refinery, Barracks Tech Lab  
  55  4:46  Supply Depot  
  55  4:47  Bunker  
  55  4:50  Marine x2  
  55  4:51  SCV x2  
  59  4:55  Refinery  
  59  5:00  Stimpack  
  59  5:03  SCV x2  
  59  5:05  Marauder  
  63  5:07  Marine  
  63  5:08  Marine  
  65  5:14  Supply Depot  
  65  5:20  SCV x2, Combat Shield  
  61  5:26  Marauder  
  63  5:29  Supply Depot, Marine  
  63  5:30  Marine  
  63  5:32  SCV x2  
  63  5:35  Hellion  
  69  5:36  Terran Infantry Weapons Level 1  
  69  5:39  Marauder  
  69  5:41  Starport Reactor  
  70  5:44  Supply Depot  
  70  5:47  Marine x2  
  70  5:48  Marauder  
  74  5:56  Siege Tank  
  77  6:05  Marine x2  
  77  6:07  Command Center  
  79  6:11  Marauder x2  
  79  6:17  Medivac  
  83  6:20  Medivac  
  83  6:22  Supply Depot  
  83  6:23  Marine x2  
  89  6:33  Marauder x2  
  89  6:38  SCV x2  
  89  6:39  Barracks  
  90  6:45  Barracks  
  86  6:47  Marine x2  
  86  6:48  Concussive Shells  
  86  6:53  Medivac  
  92  6:54  Marauder x2  
  92  6:56  Medivac  
  92  7:00  Supply Depot  
  96  7:10  Marine x2  
  96  7:12  Siege Tank  
  105  7:15  Marauder  
  105  7:16  SCV x2, Marauder  
  107  7:30  Barracks Reactor  
  107  7:34  Barracks Tech Lab, Marine  
  107  7:35  Marine  
  102  7:39  SCV x2, Marauder x2  
  102  7:40  Orbital Command  
  108  7:49  Siege Tank  
  92  7:58  Marauder, Marine x2  
  92  7:59  SCV x2  
  92  8:00  Marauder x2  
  92  8:03  Supply Depot  
  99  8:08  Marine  
  99  8:09  Marine  
  99  8:10  SCV  
  99  8:11  SCV x2  
  104  8:16  Marine x2  
  104  8:18  Refinery  
  104  8:19  Refinery  
  108  8:20  Marauder  
  108  8:22  SCV  
  108  8:24  SCV  
  108  8:25  SCV  
Tags
 
Add a new tag
Caveats
  • Supply blocks, unpowered buildings, or Contaminate may cause inaccurate times.
  • Supply counts are checked every 10 seconds.